 Dungeon Crawl Stone Soup version 0.31-a0-460-g9e667d4245 (webtiles) character file.

Game seed: 6749371817449496600

102888 javelincjr the Warrior (level 15, -16/145 HPs)
             Began as a Minotaur Berserker on Aug 4, 2023.
             Was the Champion of Trog.
             Killed from afar by a deep elf pyromancer (52 damage)
             ... with a bolt of fire
             ... on level 2 of the Elven Halls.
             The game lasted 01:20:23 (22757 turns).

javelincjr the Warrior (Minotaur Berserker)        Turns: 22757, Time: 01:20:26

Health: -16/145    AC: 36    Str: 29    XL:     15   Next: 87%
Magic:  1/1        EV: 16    Int:  4    God:    Trog [******]
Gold:   1471       SH:  0    Dex: 12    Spells: 14/14 levels left

rFire   x . .        x - +7 battleaxe (antimagic)
rCold   + + .        (shield currently unavailable)
rNeg    + + .        P - +6 ice dragon scales "Dadulo" {rF- rC++ rN++ MP-9 Dex+2}
rPois   +            (helmet restricted)
rElec   .            y - +2 cloak
rCorr   .            Y - +2 pair of gloves
SInv    .            H - +2 pair of boots "Seteroq" {rPois}
Will    +....        U - amulet of faith Stlth
                     j - ring of poison resistance
HPRegen 0.44/turn    n - +4 ring of protection
MPRegen 0.07/turn

%: faith
@: studying Throwing
A: horns 2, retaliatory headbutt
a: Renounce Religion, Berserk, Trog's Hand, Brothers in Arms


You were on level 2 of the Elven Halls.
You worshipped Trog.
Trog was exalted by your worship.
You visited 4 branches of the dungeon, and saw 20 of its levels.
You also visited: Ossuary and Bailey.

You collected 3287 gold pieces.
You spent 1816 gold pieces at shops.

Inventory:

Hand Weapons
 x - a +7 antimagic battleaxe (weapon)
 z - the +8 long sword of Locus Delicti {venom, rC+ Will+}
   (You bought it in a shop on level 2 of the Orcish Mines)

   rC:        It protects you from cold.
   Will:      It increases your willpower.
 M - a +3 battleaxe of flaming
 N - a +6 executioner's axe of freezing
 Q - a +2 war axe of draining
 S - a +3 spear
Missiles
 g - 17 boomerangs (quivered)
 k - 5 curare-tipped darts
Armour
 c - +0 acid dragon scales
 v - a +2 tower shield of cold resistance
 y - a +2 cloak (worn)
 E - a +3 plate armour
 H - the +2 pair of boots "Seteroq" (worn) {rPois}
   (You found it on level 5 of the Dungeon)

   rPois:     It protects you from poison.
 P - the +6 ice dragon scales "Dadulo" (worn) {rF- rC++ rN++ MP-9 Dex+2}
   (You found it in a bailey)

   Dex:       It affects your dexterity (+2).
   rF:        It makes you vulnerable to fire.
   rC:        It greatly protects you from cold.
   rN:        It greatly protects you from negative energy.
   MP:        It affects your magic capacity (-9).
 W - the -2 pair of boots "Tibuzufu" {Fly}
   (You found it on level 1 of the Lair of Beasts)

   Fly:       It grants you flight.
 Y - a +2 pair of gloves (worn)
Jewellery
 j - a ring of poison resistance (left hand)
 n - a +4 ring of protection (right hand)
 o - a ring of protection from fire
 w - a ring of positive energy
 B - a ring of see invisible
 O - the ring "Mialoenn" {rCorr MP+9}
   (You found it in a bailey)

   [ring of magical power]

   MP:        It affects your magic capacity (+9).
   rCorr:     It protects you from acid and corrosion.
 U - an amulet of faith (around neck)
 X - a ring of protection from cold
Wands
 a - a wand of quicksilver (7)
 F - a wand of iceblast (5)
 L - a wand of flame (11)
Scrolls
 d - 7 scrolls of fear
 e - 4 scrolls of immolation
 h - 12 scrolls of teleportation
 l - a scroll of fog
 m - 3 scrolls of torment
 I - 2 scrolls of silence
 J - a scroll of revelation
 R - 5 scrolls of enchant armour
 T - 5 scrolls of blinking
 Z - 3 scrolls of butterflies
Potions
 b - 6 potions of might
 f - 2 potions of heal wounds
 p - a potion of cancellation
 q - 3 potions of ambrosia
 r - 5 potions of curing
 s - a potion of resistance
 t - a potion of berserk rage
 u - 2 potions of enlightenment
 A - 3 potions of invisibility
 C - a potion of lignification
 G - 5 potions of degeneration {unknown}
 K - a potion of mutation {unknown}
 V - 4 potions of haste {unknown}
Miscellaneous
 i - a sack of spiders
 D - a condenser vane


   Skills:
 + Level 16.6 Fighting
 + Level 5.1 Long Blades
 + Level 16.6 Axes
 - Level 3.4 Staves
 + Level 16.4 Armour
 + Level 15.2 Dodging
 + Level 5.0 Shields
 + Level 6.1 Evocations


You had 14 spell levels left.
You didn't know any spells.
Your spell library was empty.

Dungeon Overview and Level Annotations

Branches:
Dungeon (11/15)            Temple (0/1) D:6            Lair (5/5) D:9
 Shoals (0/4) Lair:2        Snake (0/4) Lair:2        Slime (0/5) Lair:5
    Orc (2/2) D:11            Elf (2/3) Orc:2       Ossuary (visited)
 Bailey (visited)

Altars:
Cheibriados
Dithmenos
Gozag
Hepliaklqana
Kikubaaqudgha
Makhleb
Nemelex Xobeh
Okawaru
Qazlal
Ru
Sif Muna
Trog
Uskayaw
Vehumet
Xom
The Shining One

Shops:
D:1 !   D:3 *   D:5 (   Orc:1 [[??   Orc:2 (??(   Elf:1 =(!


Innate Abilities, Weirdness & Mutations

You have a pair of horns on your head.
You reflexively headbutt those who attack you in melee.


Message History

The air elemental hits you but does no damage.
The +3 scimitar of electrocution hits you.
You miss the +3 scimitar of electrocution.
The +3 scimitar of electrocution is almost destroyed.
You barely miss the air elemental. The air elemental barely misses you.
The air elemental fires a burst of electricity at you.
The stunning burst hits you but does no damage.
You suddenly lose the ability to move!
The +3 scimitar of electrocution completely misses you.
The air elemental fires a burst of electricity at you.
The stunning burst hits you but does no damage.
The +3 scimitar of electrocution hits you but does no damage.
The air elemental fires a burst of electricity at you.
The stunning burst hits you.
The +3 scimitar of electrocution hits you!
You are electrocuted!
The air elemental fires a burst of electricity at you.
The stunning burst hits you!
You can move again.
You are too injured to fight recklessly!
You are too injured to fight recklessly!
Unknown command.
You are too injured to fight recklessly!
You slice the air elemental!!
The air elemental is almost destroyed.
You hit the +3 scimitar of electrocution.
The air elemental fires a burst of electricity at you.
The stunning burst hits you.
You shrug off the repeated paralysis!
The +3 scimitar of electrocution hits you!
The air elemental hits you but does no damage.
The +3 scimitar of electrocution hits you!
* * * LOW HITPOINT WARNING * * *
You slice the air elemental!!
You destroy the air elemental!
Trog accepts your kill.
You hit the +3 scimitar of electrocution but do no damage.
You miss the deep elf pyromancer.
The deep elf pyromancer casts a spell at you.
The bolt of fire hits you!!! The fire burns you terribly!
You die...

.. ............ ...
.......... .
#+###########'##...##'
..........[........'.
............###....#
....... ....#⌠#....#
##+########.###....#
+...[.)<.>[.....(..#
#..[[[..)......#@..#
#..######..#...#e..#
#..# #..#..E#...# #..+
#..#...#...# #..#.
#..#...#...# #..#..
#..#...#...# #..# +#
#..#.))#...# #... ..
...#..))...# #... ..
#...#...#


You could see a deep elf pyromancer and a +3 scimitar of electrocution.

Vanquished Creatures
  The ghost of Liezuv the Severer, a journeyman HOFi of Beogh (Orc:1)
  Snorg (Orc:1)
  A deep elf death mage (Elf:1)
  4 entropy weavers (Lair:3)
  6 hydras
  4 ghost crabs (Lair:3)
  12 dancing weapons (Elf:1)
  7 two-headed ogres
  A boulder beetle (D:6)
  7 death yaks
  Nergalle (D:11)
  7 deep elf knights
  Amaemon (Lair:1)
  5 fire crabs (Lair:3)
  3 skysharks
  5 deep elf archers
  6 orc knights (Orc:2)
  2 harpies (Lair:2)
  13 deep elf zephyrmancers
  18 deep elf pyromancers
  4 orc sorcerers
  A wolf spider (Lair:5)
  3 cyclopes
  A salamander (Lair:2)
  4 elephants (Lair:2)
  9 black mambas
  An apocalypse crab (Lair:3)
  A torpor snail (Lair:5)
  A guardian serpent (Lair:5)
  An orange demon (Lair:1)
  17 cane toads
  An unseen horror (D:6)
  13 komodo dragons
  2 kobold demonologists (D:11)
  2 rime drakes (Lair:2)
  7 trolls
  2 polar bears
  Prince Ribbit (D:6)
  4 saltlings (Orc:2)
  3 hornets
  11 blink frogs
  6 dream sheep
  4 air elementals
  A shadow (D:11)
  A water elemental (Elf:1)
  3 wraiths
  4 basilisks
  Eustachio (D:4)
  20 yaks
  15 wyverns
  Grum (D:9)
  2 steam dragons
  4 vampire mosquitoes (D:11)
  A redback (Lair:5)
  6 wargs
  Menkaure (Ossuary)
  3 nagas (Lair:2)
  A swamp worm (shapeshifter) (Elf:2)
  29 water moccasins
  4 acid dragons
  19 orc warriors
  2 black bears
  6 ogres
  20 wolves
  A phantom (D:5)
  4 kobold brigands
  Blork the orc (D:6)
  11 bullfrogs
  3 earth elementals
  6 scorpions
  5 wights (D:9)
  16 killer bees
  An electric eel (Lair:1)
  5 howler monkeys
  3 hounds
  4 jellies
  2 gnoll boudas
  11 orc priests
  Crazy Yiuf (D:3)
  5 sleepcaps
  7 iguanas
  14 orc wizards
  3 mummies (Ossuary)
  12 gnolls
  11 adders
  A shadow imp (D:6)
  A white imp (D:7)
  A worm (D:2)
  6 dart slugs
  76 orcs
  17 endoplasms
  4 giant cockroaches
  2 hobgoblins
  24 kobolds
  A quokka (D:4)
  4 ball pythons
  2 bats
  2 frilled lizards
  A gnoll skeleton (Ossuary)
  4 gnoll zombies (Ossuary)
  11 goblins
  5 goblin skeletons (Ossuary)
  4 goblin zombies (Ossuary)
  7 hobgoblin skeletons (Ossuary)
  3 hobgoblin zombies (Ossuary)
  2 kobold skeletons (Ossuary)
  4 kobold zombies (Ossuary)
  6 orc skeletons (Ossuary)
  3 orc zombies (Ossuary)
  5 rats
  4 rat skeletons (Ossuary)
  7 rat zombies (Ossuary)
681 creatures vanquished.

Vanquished Creatures (collateral kills)
  An orc high priest (Orc:2)
  2 deep elf archers (Elf:1)
  3 deep elf pyromancers (Elf:1)
  A fire elemental (Elf:1)
7 creatures vanquished.

Vanquished Creatures (others)
  An entropy weaver (Lair:3)
  2 deep elf knights (Elf:2)
3 creatures vanquished.

Grand Total: 691 creatures vanquished

Notes
Turn   | Place    | Note
-------+----------+-------------------------------------------
     0 | D:1      | javelincjr the Minotaur Berserker began the quest for the
                  | Orb.
     0 | D:1      | Reached XP level 1. HP: 19/19 MP: 0/0
   174 | D:1      | Reached XP level 2. HP: 27/27 MP: 1/1
   364 | D:1      | Found Adaat's Distillery.
   373 | D:1      | Bought a potion of heal wounds for 60 gold pieces
  1001 | D:2      | Reached ** piety under Trog
  1054 | D:2      | Reached XP level 3. HP: 31/33 MP: 2/2
  1308 | D:2      | Reached XP level 4. HP: 38/41 MP: 3/3
  1355 | D:2      | Reached XP level 5. HP: 47/47 MP: 4/4
  1987 | D:3      | Found a glowing golden altar of the Shining One.
  2119 | D:3      | Noticed a black bear
  2123 | D:3      | Killed a black bear
  2124 | D:3      | Reached skill level 5 in Fighting
  2124 | D:3      | Reached skill level 5 in Axes
  2124 | D:3      | Reached XP level 6. HP: 56/56 MP: 5/5
  2341 | D:3      | Found a hide-covered altar of Uskayaw.
  2694 | D:3      | Found a runed translucent door.
  2695 | D:3      | Noticed Crazy Yiuf
  2703 | D:3      | Killed Crazy Yiuf
  2736 | D:3      | Found Gozag's Platinum Reserve.
  2739 | D:3      | Found an opulent altar of Gozag.
  3121 | D:4      | Reached skill level 1 in Staves
  3178 | D:4      | Reached *** piety under Trog
  3179 | D:4      | Reached XP level 7. HP: 62/62 MP: 6/6
  3252 | D:4      | Found a sand-covered staircase.
  3269 | Ossuary  | Entered an ossuary
  3507 | Ossuary  | Reached **** piety under Trog
  3530 | Ossuary  | Reached skill level 5 in Armour
  3535 | Ossuary  | Noticed Menkaure
  3543 | Ossuary  | Killed Menkaure
  3674 | D:4      | Noticed Eustachio
  3679 | D:4      | Killed Eustachio
  3680 | D:4      | Reached skill level 5 in Dodging
  4003 | D:4      | Found a burning altar of Makhleb.
  4007 | D:4      | Found a hazy altar of Hepliaklqana.
  4038 | D:4      | Found a shimmering blue altar of Sif Muna.
  4040 | D:4      | Found a shadowy altar of Dithmenos.
  4044 | D:4      | Found an ancient bone altar of Kikubaaqudgha.
  4257 | D:5      | Entered Level 5 of the Dungeon
  4303 | D:5      | Reached XP level 8. HP: 71/71 MP: 7/7
  4433 | D:5      | Found a stormy altar of Qazlal.
  4447 | D:5      | Found a sparkling altar of Nemelex Xobeh.
  4687 | D:5      | Found Neisaami's Hydra Hut.
  4690 | D:5      | Noticed a seven-headed hydra
  4695 | D:5      | Bought a +1 broad axe of flaming for 184 gold pieces
  4764 | D:5      | Identified the +2 pair of boots "Seteroq" {rPois}
  4888 | D:5      | Found a sacrificial altar of Ru.
  5022 | D:5      | Found a bloodstained altar of Trog.
  5154 | D:6      | Reached ***** piety under Trog
  5243 | D:6      | Noticed Prince Ribbit
  5256 | D:6      | Killed Prince Ribbit
  5267 | D:6      | Noticed Blork the orc
  5281 | D:6      | Killed Blork the orc
  5282 | D:6      | Reached XP level 9. HP: 25/80 MP: 3/8
  5298 | D:6      | HP: 4/81 [something (3)]
  5305 | D:6      | Killed an unseen horror
  5533 | D:6      | Noticed a boulder beetle
  5544 | D:6      | Killed a boulder beetle
  5553 | D:6      | Found a staircase to the Ecumenical Temple.
  5744 | D:6      | Found a snail-covered altar of Cheibriados.
  5975 | D:7      | Found a radiant altar of Vehumet.
  6158 | D:7      | Reached XP level 10. HP: 91/91 MP: 9/9
  6214 | D:7      | Found a shimmering altar of Xom.
  6516 | D:8      | Found a flagged portal.
  6616 | Bailey   | Entered a bailey
  6696 | Bailey   | Received a gift from Trog
  6978 | Bailey   | Identified the ring "Mialoenn" {rCorr MP+9}
  6982 | Bailey   | Identified the +6 ice dragon scales "Dadulo" {rF- rC++ rN++
                  | MP-9 Dex+2}
  7266 | D:8      | Found an iron altar of Okawaru.
  7489 | D:9      | Noticed Grum
  7499 | D:9      | Killed Grum
  7500 | D:9      | Reached skill level 10 in Fighting
  7500 | D:9      | Reached skill level 10 in Axes
  7655 | D:9      | Noticed a two-headed ogre
  7661 | D:9      | Killed a two-headed ogre
  7675 | D:9      | Reached skill level 10 in Armour
  7747 | D:9      | Reached XP level 11. HP: 96/101 MP: 1/10
  7756 | D:9      | Found a staircase to the Lair.
  7978 | D:9      | Noticed a two-headed ogre
  7981 | D:9      | Killed a two-headed ogre
  8545 | D:9      | Reached skill level 10 in Dodging
  8868 | D:10     | Entered Level 10 of the Dungeon
  8952 | D:10     | Noticed a two-headed ogre
  8957 | D:10     | Killed a two-headed ogre
  9276 | D:10     | Noticed a two-headed ogre
  9279 | D:10     | Killed a two-headed ogre
  9540 | D:10     | Identified a scroll of acquirement
  9541 | D:10     | Acquired 837 gold pieces
  9674 | D:11     | Noticed a two-headed ogre
  9682 | D:11     | Killed a two-headed ogre
  9954 | D:11     | Reached XP level 12. HP: 112/112 MP: 0/11
  9975 | D:11     | Found a staircase to the Orcish Mines.
 10111 | D:11     | Reached ****** piety under Trog
 10589 | D:11     | Noticed Nergalle
 10596 | D:11     | Killed Nergalle
 10924 | Lair:1   | Entered Level 1 of the Lair of Beasts
 10943 | Lair:1   | Received a gift from Trog
 11351 | Lair:1   | Noticed Amaemon
 11364 | Lair:1   | Killed Amaemon
 11503 | Lair:1   | Identified the -2 pair of boots "Tibuzufu" {Fly}
 12123 | Lair:2   | Found a staircase to the Snake Pit.
 12288 | Lair:2   | Found a staircase to the Shoals.
 12988 | Lair:2   | Noticed a death yak
 12991 | Lair:2   | Killed a death yak
 12992 | Lair:2   | Reached XP level 13. HP: 122/122 MP: 3/12
 13020 | Lair:2   | Received a gift from Trog
 14016 | Lair:3   | Found a runed translucent door.
 15362 | Lair:4   | Reached skill level 1 in Evocations
 15364 | Lair:4   | Reached XP level 14. HP: 83/133 MP: 1/13
 15568 | Lair:4   | Reached skill level 15 in Axes
 15608 | Lair:4   | Reached skill level 15 in Fighting
 16208 | Lair:5   | Entered Level 5 of the Lair of Beasts
 16240 | Lair:5   | Paralysed by a hornet for 3 turns
 16453 | Lair:5   | Reached skill level 15 in Armour
 16574 | Lair:5   | Received a gift from Trog
 16998 | Lair:5   | Found a staircase to the Slime Pits.
 17879 | Orc:1    | Entered Level 1 of the Orcish Mines
 17912 | Orc:1    | Found Yfru Saxi's Magic Scroll Shop.
 17926 | Orc:1    | Bought a scroll of enchant weapon for 135 gold pieces
 17926 | Orc:1    | Bought a scroll of enchant weapon for 135 gold pieces
 17996 | Orc:1    | Found Reahoics's Armour Emporium.
 18018 | Orc:1    | Found Zewecir's Magic Scroll Shop.
 18028 | Orc:1    | Found Noxie's Antique Armour Shoppe.
 18211 | Orc:1    | Found a large runed translucent door.
 18213 | Orc:1    | Found a large runed translucent door.
 18218 | Orc:1    | Noticed Liezuv's ghost (journeyman HOFi)
 18331 | Orc:1    | Noticed Snorg
 18336 | Orc:1    | Killed Snorg
 18644 | Orc:1    | Killed Liezuv's ghost
 18830 | Orc:2    | Entered Level 2 of the Orcish Mines
 18830 | Orc:2    | Found a staircase to the Elven Halls.
 18837 | Orc:2    | Received a gift from Trog
 19053 | Orc:2    | Paralysed by an orc sorcerer for 3 turns
 19307 | Orc:2    | Found Meisomeo's Weapon Shoppe.
 19313 | Orc:2    | Bought the +8 long sword of Locus Delicti {venom, rC+
                  | Will+} for 957 gold pieces
 19337 | Orc:2    | Found Ireylelab's Magic Scroll Shop.
 19371 | Orc:2    | Reached skill level 1 in Shields
 19562 | Orc:2    | Found Xomu Byda's Antique Weapon Shop.
 19573 | Orc:2    | Bought a scroll of enchant weapon for 90 gold pieces
 19573 | Orc:2    | Bought a scroll of revelation for 90 gold pieces
 19588 | Orc:2    | Reached skill level 1 in Long Blades
 19674 | Orc:2    | Reached XP level 15. HP: 132/143 MP: 5/14
 19921 | Orc:2    | Found Seitony's Magic Scroll Boutique.
 19936 | Orc:2    | Bought 2 scrolls of enchant armour for 165 gold pieces
 19993 | Elf:1    | Entered Level 1 of the Elven Halls
 20040 | Elf:1    | Reached skill level 5 in Evocations
 20376 | Elf:1    | Paralysed by an air elemental for 1 turns
 20381 | Elf:1    | Paralysed by an air elemental for 1 turns
 20486 | Elf:1    | Paralysed by an air elemental for 1 turns
 20489 | Elf:1    | Paralysed by an air elemental for 1 turns
 20492 | Elf:1    | Paralysed by an air elemental for 1 turns
 20958 | Elf:1    | Received a gift from Trog
 21345 | Elf:1    | Found Sialoto's Antique Weapon Boutique.
 21515 | Elf:1    | Found Sywn's Distillery.
 21583 | Elf:1    | Found a runed translucent gate.
 21583 | Elf:1    | Found a runed translucent gate.
 21583 | Elf:1    | Found a runed translucent gate.
 21664 | Elf:1    | Found Ihoz's Jewellery Shoppe.
 21759 | Elf:1    | Paralysed by an air elemental for 1 turns
 21764 | Elf:1    | Paralysed by an air elemental for 1 turns
 22095 | Elf:1    | Reached skill level 15 in Dodging
 22285 | Elf:2    | Received a gift from Trog
 22646 | Elf:2    | Reached skill level 5 in Long Blades
 22671 | Elf:2    | Reached skill level 5 in Shields
 22750 | Elf:2    | Paralysed by an air elemental for 1 turns
 22754 | Elf:2    | Paralysed by an air elemental for 1 turns
 22757 | Elf:2    | Killed from afar by a deep elf pyromancer

Illustrated notes

Levels and vault maps discovered:
D:1:      roderic_chinese_lattice_arrival, layout_basic, serial_shops, shop,
          hangedman_decor_riveting
D:2:      cheibrodos_fertilizer, layout_basic
D:3:      layout_basic, nicolae_gozag_zags_fifth_avenue,
          mainiacjoe_overflow_surrounded_room, mainiacjoe_overflow_24_doors,
          hangedman_decor_push, uniq_crazy_yiuf_cottage
D:4:      kb_forest_paths, layout_basic, minitemple,
          nicolae_ossuary_entry_false_entrances, minmay_strange_pillars,
          uniq_eustachio
D:5:      layout_loops_cross, lightli_temple_of_fire,
          nicolae_qazlal_eye_of_the_storm, marbit_many_paths,
          lemuel_doored_altar, doesnt_shop_hydraphobe
D:6:      layout_cave_pools, mainiacjoe_overflow_boulevard,
          minmay_temple_entry_grid, chequers_serial_rivers_small_3, kb_rosetta,
          uniq_blork_the_orc, uniq_prince_ribbit1
D:7:      layout_rooms, nicolae_vehumet_radiance, nicolae_overflow_hidden_temple
D:8:      layout_rooms, kennysheep_okawaru_gauntlet, enter_bailey_3
D:9:      layout_loops_ring, minmay_lair_entry_grove, uniq_grum
D:10:     layout_roguey, unseen_surprise_small
D:11:     layout_layer_cave, hiddenorc1_lemuel, grunt_ministairs_8,
          st_stairs_14, uniq_nergalle
Lair:1:   beast_lair_carwin_large_3, layout_regular_city, serial_bayou_shore_a,
          uniq_amaemon
Lair:2:   layout_layer_cave, nicolae_shoals_entry_roost,
          alex1729_snake_entry_snake, minmay_shattered_shrine,
          infiniplex_staircase_pool_2
Lair:3:   gammafunk_mikee_crab_dinner, layout_regular_city,
          infiniplex_staircase_pool
Lair:4:   layout_loops_ring
Lair:5:   hangedman_lair_tendril_chambers, layout_cave_pods,
          dpeg_slime_entry_corner, minivault_25
Orc:1:    cheibrodos_orc_guarddog, layout_caves, serial_shops, shop,
          shop_statue, shop, nicolae_shop_just_a_little_nook,
          ebering_ghost_disaster_area, uniq_snorg
Orc:2:    hellmonk_orc_salted, layout_diamond_mine
Elf:1:    minmay_elf_arrival_plus, layout_geoelf_grid, serial_shops, shop,
          nicolae_shop_crystal, shop, hangedman_elven_crosses_minicolossus,
          nicolae_elf_hall_of_bonks
Elf:2:    nicolae_elf_blades_splatter_lattice [nicolae_blade_lattice],
          layout_onion_city, serial_glass, glass_columns_a, glass_columns_a,
          feat_on_display, serial_shops, nicolae_lakefront_shop

Skill      XL: |  1  2  3  4  5  6  7  8  9 10 11 12 13 14 15 |
---------------+----------------------------------------------+-----
Fighting       | 4 5 6 7 9 10 12 13 14 15 16 | 16.6
Axes           | 4 5 6 7 9 10 12 13 14 16 | 16.6
Armour         | 3 4 5 7 8 10 11 13 14 15 16 | 16.4
Dodging        | 3 4 5 6 8 9 10 12 13 14 15 | 15.2
Staves         | 1 3 |  3.4
Evocations     | 1 4 6 |  6.1
Shields        | 1 5 |  5.0
Long Blades    | 1 5 |  5.1

Action                     |  1- 3 |  4- 6 |  7- 9 | 10-12 | 13-15 || total
---------------------------+-------+-------+-------+-------+-------++-------
  Melee: Hand axe          |    62 |    61 |       |       |       ||   123
         Headbutt          |     6 |     8 |    44 |    66 |   147 ||   271
         Punch             |     1 |     1 |       |     1 |       ||     3
         Quarterstaff      |       |    25 |   116 |       |       ||   141
         Broad axe         |       |       |   114 |    36 |       ||   150
         Executioner's axe |       |       |       |   339 |   158 ||   497
         Battleaxe         |       |       |       |       |   431 ||   431
         Long sword        |       |       |       |       |    19 ||    19
         War axe           |       |       |       |       |   120 ||   120
  Throw: Boomerang         |       |       |       |    12 |     4 ||    16
 Invoke: Berserk           |       |     3 |     5 |     2 |     6 ||    16
         Trog's Hand       |       |       |     1 |       |     4 ||     5
         Brothers in Arms  |       |       |       |       |     3 ||     3
    Use: Scroll            |     4 |     6 |     4 |     7 |    15 ||    36
         Potion            |       |       |     1 |       |     4 ||     5
   Stab: Paralysed         |       |       |     1 |       |       ||     1
         Distracted        |       |       |     1 |       |       ||     1
 Armour: Ring mail         |    11 |       |       |       |       ||    11
         Chain mail        |    21 |    40 |   167 |    33 |       ||   261
         Ice dragon scales |       |       |       |   333 |   622 ||   955
  Dodge: Dodged            |    32 |    32 |    97 |   456 |   618 ||  1235
  Block: Tower shield      |       |       |       |       |   105 ||   105

Table legend: (Time is in decaauts)
 A = Elapsed time spent in this place.
 B = Non-inter-level travel time spent in this place.
 C = Inter-level travel time spent in this place.
 D = Time resting spent in this place.
 E = Time spent auto-exploring this place.
 F = Levels seen in this place.
 G = Mean time per level.
                   A        B        C        D        E       F      G
               +--------+--------+--------+--------+--------+-----+--------+
         Total |  23419 |  22504 |    915 |   2003 |  16255 |  22 | 1064.5 |
       Dungeon |  10502 |   9988 |    514 |    254 |   7955 |  11 |  954.7 |
          Lair |   7037 |   6752 |    285 |    743 |   4800 |   5 | 1407.4 |
  Orcish Mines |   2195 |   2093 |    102 |     15 |   1700 |   2 | 1097.5 |
   Elven Halls |   2791 |   2779 |     12 |    930 |   1346 |   2 | 1395.5 |
       Ossuary |    403 |    403 |      0 |      0 |    212 |   1 |  403.0 |
        Bailey |    490 |    490 |      0 |     61 |    241 |   1 |  490.0 |
               +--------+--------+--------+--------+--------+-----+--------+

Top non-repeatable levels by time:
   Elf:1: 2533 daAuts
  Lair:3: 1859 daAuts
  Lair:5: 1571 daAuts
     D:9: 1548 daAuts
  Lair:2: 1494 daAuts
    D:11: 1438 daAuts
   Orc:2: 1221 daAuts
  Lair:1: 1211 daAuts
     D:3: 1059 daAuts
     D:1: 1002 daAuts
   Orc:1: 973 daAuts
     D:2: 973 daAuts
  Lair:4: 899 daAuts
     D:4: 884 daAuts
     D:5: 881 daAuts
